 Seeded DCSS version 0.27.1-34-g3ba077fa99 (webtiles) character file.

Game seed: 666666666666666 (custom seed)

190 lonewolfV2 the Covered (level 5, -7/46 HPs)
             Began as a Minotaur Fighter on Jan 7, 2022.
             Mangled by an iguana (12 damage)
             ... on level 4 of the Dungeon.
             The game lasted 00:03:54 (2947 turns).

lonewolfV2 the Covered (Minotaur Fighter)           Turns: 2947, Time: 00:03:55

Health: -7/46      AC:  7    Str: 17    XL:     5   Next: 41%
Magic:  4/4        EV:  7    Int:  5    God:
Gold:   133        SH:  9    Dex: 10    Spells: 4/4 levels left

rFire    + . .     SeeInvis .   a - +1 war axe
rCold    + . .     Faith    .   c - +0 kite shield
rNeg     . . .     Spirit   .   b - +0 scale mail
rPois    +         Reflect  .   (helmet restricted)
rElec    .         Harm     .   (no cloak)
rCorr    .         Rampage  .   (no gloves)
Will     +....                  (no boots)
Stlth    ..........             (no amulet)
HPRegen  0.15/turn              f - ring "Beufamai" {rPois rF+ rC+ Will+ Str-4}
MPRegen  0.09/turn              (no ring)

@: mighty
A: horns 2, retaliatory headbutt
a: no special abilities


You were on level 4 of the Dungeon.
You visited 1 branch of the dungeon, and saw 4 of its levels.

You collected 133 gold pieces.

Inventory:

Hand Weapons
 a - a +1 war axe (weapon)
Armour
 b - a +0 scale mail (worn)
 c - a +0 kite shield (worn)
Jewellery
 f - the ring "Beufamai" (left hand) {rPois rF+ rC+ Will+ Str-4}
   (You acquired it on level 1 of the Dungeon)

   [ring of protection from cold]

   Str:       It affects your strength (-4).
   rF:        It protects you from fire.
   rC:        It protects you from cold.
   rPois:     It protects you from poison.
   Will:      It increases your willpower.
 i - an amulet of regeneration
Scrolls
 k - a scroll of immolation {unknown}
 m - a scroll of enchant armour {unknown}
 o - a scroll of vulnerability {unknown}
 p - a scroll of fear {unknown}
Potions
 d - a potion of might
 e - a potion of curing
 g - a potion of haste
 h - a potion of berserk rage {unknown}
 j - a potion of attraction {unknown}
 l - a potion of brilliance {unknown}
 n - a potion of heal wounds {unknown}


   Skills:
 + Level 4.1 Fighting
 + Level 4.2 Axes
 + Level 5.2 Armour
 + Level 1.0 Dodging
 + Level 0.2 Stealth
 + Level 4.5 Shields


You had 4 spell levels left.
You didn't know any spells.
Your spell library contained the following spells:

 Spells                   Type           Power      Damage    Failure   Level
 Corpse Rot               Necr/Air       N/A        N/A       100%        2
 Poisonous Vapours        Pois/Air       0%         N/A       100%        2
 Freezing Cloud           Conj/Ice/Air   0%         6-21      100%        5


Dungeon Overview and Level Annotations

Branches:
Dungeon (4/15)
 Temple: D:4-7

Altars:


Innate Abilities, Weirdness & Mutations

You have a pair of horns on your head.
You reflexively headbutt those who attack you in melee.


Message History

Beogh smites you!
An orc comes into view. It is wielding a +0 hand axe.
The orc priest calls down the wrath of Beogh upon you.
Pain shoots through your body!
* * * LOW HITPOINT WARNING * * *
You hear an angry hiss.
You feel better. You block the orc priest's attack.
An iguana comes into view.
You feel very mighty all of a sudden. The orc priest barely misses you.
You furiously retaliate!
You headbutt the orc priest! You slash the orc priest!
You kill the orc priest!
The orc priest mumbles some strange prayers to Beogh against you.
Beogh smites you!
The orc throws a boomerang.
The boomerang hits you but does no damage.
Your Axes skill increases to level 4!
Your Armour skill increases to level 5!
Your Dodging skill increases to level 1!
You have reached level 5!
An orc comes into view. It is wielding a +0 falchion.
The orc shouts!
The orc priest hits you with a +0 flail.
You see here a +0 hand axe.
You slash the orc priest!
The orc priest is almost dead.
You slash the orc!
You kill the orc!
The orc priest calls down the wrath of Beogh upon you.
Pain shoots through your body!
* * * LOW HITPOINT WARNING * * *
The orc priest closely misses you.
The iguana bites you but does no damage.
You slash the orc priest!
You kill the orc priest!
You hit the iguana. The iguana bites you!
* * * LOW HITPOINT WARNING * * *
You barely miss the orc. You headbutt the orc!
You kill the orc!
You closely miss the iguana. The iguana bites you!
You die...

.......# .# ..
.<.⌠.>.# .####.#
.......## .>#. .##
...#....# #...#..#
..###...##
#.##...## ..#
#....####.##....##
.##
##.⌠......!......##
.#
#...#.###..l....>#.
# ##.####
##.@....... ...#
#.)).##... ##..#
##..## .. #.## #..#
# #. .... .. .....
###.. ...


You could see an iguana.

Vanquished Creatures
  2 orc priests (D:4)
  A centaur skeleton (D:4)
  Jessica (D:3)
  2 adders
  A worm (D:2)
  A dart slug (D:2)
  3 orcs
  5 bats
  6 endoplasms
  6 giant cockroaches
  3 goblins
  3 hobgoblins
  A quokka (D:1)
  8 ball pythons
  4 frilled lizards (D:1)
  4 kobolds
  5 rats
56 creatures vanquished.

Vanquished Creatures (others)
  A fungus (D:1)
  5 plants
6 creatures vanquished.

Grand Total: 62 creatures vanquished

Notes
Turn   | Place    | Note
-------+----------+-------------------------------------------
     0 | D:1      | lonewolfV2 the Minotaur Fighter began the quest for the
                  | Orb.
     0 | D:1      | Reached XP level 1. HP: 19/19 MP: 0/0
   427 | D:1      | Reached XP level 2. HP: 26/27 MP: 1/1
   511 | D:1      | Found a faded altar of an unknown god.
   826 | D:1      | Reached skill level 4 in Armour
   884 | D:1      | Identified a scroll of acquirement
   884 | D:1      | Acquired the ring "Beufamai" {rPois rF+ rC+ Will+ Str-4}
  1194 | D:1      | You fall into a shaft and drop 1 floor!
  1385 | D:2      | Reached XP level 3. HP: 27/33 MP: 2/2
  2629 | D:3      | Noticed Jessica
  2633 | D:3      | Killed Jessica
  2634 | D:3      | Reached XP level 4. HP: 40/40 MP: 3/3
  2944 | D:4      | Reached skill level 5 in Armour
  2944 | D:4      | Reached skill level 1 in Dodging
  2944 | D:4      | Reached XP level 5. HP: 18/46 MP: 4/4
  2947 | D:4      | Mangled by an iguana

Illustrated notes

Levels and vault maps discovered:
D:1:      evilmike_arrival_plus, layout_basic, serial_glass, glass_columns_b,
          glass_columns_b, feat_on_display, item_on_display_a, feat_on_display,
          due_unseen_surprise, dreamdust_ecumenical_altar_grove
D:2:      wad_crossroads, layout_basic
D:3:      layout_rooms, minmay_misc_feat_x, minmay_statues_item,
          minmay_misc_feat_tiny, uniq_jessica
D:4:      layout_layer_cave, grunt_ministairs_13,
          chequers_serial_rivers_large_a, serial_bayou_pond_b, minmay_rat_hole,
          uniq_robin

Skill      XL: |  1  2  3  4 |
---------------+-------------+-----
Axes           | 3 4 |  4.2
Armour         | 4 5 |  5.2
Shields        | 4 |  4.5
Fighting       | 4 |  4.1
Dodging        | 1 |  1.0
Stealth        | |  0.2

Action                   |  1- 3 |  4- 6 || total
-------------------------+-------+-------++-------
Melee: War axe           |   112 |    13 ||   125
       Headbutt          |    12 |     2 ||    14
  Use: Scroll            |     6 |       ||     6
       Potion            |       |     2 ||     2
Armor: Scale mail        |    70 |     6 ||    76
Dodge: Dodged            |    39 |    13 ||    52
Block: Kite shield       |    54 |     9 ||    63
